 Dungeon Crawl Stone Soup version 0.30-a0-622-gddc90eaa04 (webtiles) character file.

Game seed: 7945279219167839083

5670 Dirtsage the Transmogrifier (level 10, 0/79 HPs)
             Began as an Octopode Transmuter on Jan 10, 2023.
             Was a Priest of the Shining One.
             Killed from afar by an electric eel (13 damage)
             ... with a bolt of electricity
             ... in a bailey.
             The game lasted 00:22:42 (8865 turns).

Dirtsage the Transmogrifier (Octopode Transmuter)   Turns: 8865, Time: 00:22:43

Health: 0/79       AC: 13    Str: 10    XL:     10   Next: 75%
Magic:  14/14      EV: 10    Int: 20    God:    the Shining One [***...]
Gold:   482        SH:  0    Dex: 12    Spells: 6/13 levels left

rFire   . . .      SeeInvis +      - Unarmed
rCold   + + .      Faith    .    (shield currently unavailable)
rNeg    + . .      Spirit   .    (helmet currently unavailable)
rPois   +          Reflect  .    (no amulet)
rElec   .          Harm     .    c - ring of willpower
rCorr   +          Rampage  .    j - ring of willpower
Will    ++...                    S - ring of see invisible
Stlth   +                        C - ring of resist corrosion
HPRegen 0.33/turn                E - +4 ring of protection
MPRegen 0.14/turn                I - ring of fire
                                 (no ring)
                                 (no ring)

@: ice-form, glowing
A: freezing attack, boosted hp, almost no armour, amphibious, 8 rings, large,
(camouflage 1), (gelatinous body 1), (nimble swimmer 1), (tentacles)
a: End Transformation, Renounce Religion, Divine Shield, Cleansing Flame


You were in a bailey.
You worshipped the Shining One.
The Shining One was most pleased with you.
You were a creature of crystalline ice.
You visited 2 branches of the dungeon, and saw 10 of its levels.
You also visited: Bailey.

You collected 482 gold pieces.

Inventory:

Missiles
 k - a throwing net
 t - 8 curare-tipped darts
Jewellery
 c - a ring of willpower (left front paw)
 j - a ring of willpower (right front paw)
 C - a ring of resist corrosion (on tentacle)
 E - a +4 ring of protection (on tentacle)
 I - a ring of fire (on tentacle)
 S - a ring of see invisible (on tentacle)
Wands
 q - a wand of roots (5)
 w - a wand of quicksilver (9)
 z - a wand of paralysis (6)
 F - a wand of mindburst (9)
 G - a wand of flame (5)
Scrolls
 b - 2 scrolls of noise {unknown}
 d - 2 scrolls of magic mapping {unknown}
 e - 3 scrolls of teleportation {unknown}
 g - 2 scrolls of fear
 l - a scroll of poison
 m - 2 scrolls of blinking {unknown}
 n - 3 scrolls of silence {unknown}
 r - 2 scrolls of amnesia
 v - a scroll of immolation
 y - 2 scrolls of enchant weapon
 D - 2 scrolls of fog {unknown}
Potions
 a - 3 potions of attraction {unknown}
 f - a potion of resistance {unknown}
 h - 3 potions of flight {unknown}
 o - a potion of mutation {unknown}
 p - 2 potions of might {unknown}
 s - 3 potions of magic {unknown}
 u - 2 potions of brilliance {unknown}
 x - a potion of heal wounds {unknown}
 A - a potion of curing {unknown}
 H - 2 potions of degeneration {unknown}
 J - a potion of invisibility {unknown}


   Skills:
 + Level 5.1 Fighting
 + Level 3.5 Dodging
 * Level 8.0 Unarmed Combat
 - Level 2.0 Spellcasting
 - Level 8.0 Transmutations
 - Level 8.0 Ice Magic
 + Level 5.4 Invocations
 + Level 2.9 Evocations


You had 6 spell levels left.
You knew the following spells:

 Your Spells              Type           Power      Damage    Failure   Level
a - Ice Form              Ice/Tmut       34%        N/A       6%          4
b - Wereblood             Tmut           34%        N/A       1%          2
c - Beastly Appendage     Tmut           68%        N/A       1%          1

Your spell library contained the following spells:

 Spells                   Type           Power      Damage    Failure   Level
 Spider Form              Tmut/Pois      18%        N/A       9%          3


Dungeon Overview and Level Annotations

Branches:
Dungeon (9/15)             Temple (1/1) D:4          Bailey (1/1)
   Lair: D:8-11         Orc: D:9-12

Altars:
Ashenzari
Cheibriados
Dithmenos
Elyvilon
Fedhas
Gozag
Hepliaklqana
Kikubaaqudgha
Makhleb
Nemelex Xobeh
Okawaru
Qazlal
Ru
Sif Muna
Trog
Uskayaw
Wu Jian
Xom
Zin
The Shining One

Shops:
D:6 [

Annotations:
D:5 3 runed translucent doors, tsouns's ghost, amateur TrMo


Innate Abilities, Weirdness & Mutations

You are a creature of crystalline ice.
You have a powerful freezing melee attack.
Your maximum health is increased.
Your armour is entirely melded.
You are incapable of wielding weapons or throwing items.
You cannot wear most types of armour.
You are amphibious.
You can wear up to eight rings at the same time.
((Your skin changes colour to match your surroundings (Stealth+).))
((Your rubbery body absorbs attacks. (AC +1, EV +1)))
((You are camouflaged when in or above water. (Stealth+)))
((You have tentacles for arms and can constrict up to eight enemies at once.))


Message History

You kill the orc warrior!
You hear a splash. x3
Your Unarmed Combat skill increases to level 8!
An electric eel comes into view.
The electric eel shoots out a bolt of lightning at you!
The bolt of electricity hits you!
You take 8 damage, and have 59/79 hp.
You punch the electric eel! You freeze the electric eel.
The electric eel is almost dead.
You punch the electric eel! You freeze the electric eel.
You kill the electric eel!
You hear a splash.
You see here an electric eel corpse.
An electric eel comes into view.
The electric eel shoots out a bolt of lightning at you!
The bolt of electricity hits you.
You take 4 damage, and have 58/79 hp.
The electric eel shoots out a bolt of lightning at you!
The bolt of electricity hits you!
You take 7 damage, and have 51/79 hp.
An electric eel comes into view.
An electric eel comes into view.
The electric eel shoots out a bolt of lightning at you!
The bolt of electricity hits you!
The electric eel shoots out a bolt of lightning at you!
The bolt of electricity hits you!
The electric eel shoots out a bolt of lightning at you!
The bolt of electricity hits you!
You take 27 damage, and have 25/79 hp.
MASSIVE DAMAGE!!
The electric eel shoots out a bolt of lightning at you!
The bolt of electricity hits you.
* * * LOW HITPOINT WARNING * * *
You take 4 damage, and have 21/79 hp.
The electric eel shoots out a bolt of lightning at you!
The bolt of electricity hits you!
* * * LOW HITPOINT WARNING * * *
You take 8 damage, and have 13/79 hp.
The electric eel shoots out a bolt of lightning at you!
The bolt of electricity hits you!
You die...

######################
≈≈≈≈≈≈≈≈≈≈≈≈≈≈≈≈≈≈≈≈≈#
≈≈≈≈≈≈≈≈≈≈≈≈≈≈≈≈≈≈≈≈≈#
≈≈≈≈≈≈≈≈≈≈≈≈≈≈≈≈≈≈≈≈≈#
≈≈≈≈≈≈≈≈≈≈≈≈≈≈≈≈≈≈≈≈≈#
≈≈≈S≈≈≈≈≈≈Y≈≈≈≈≈≈†≈≈≈#
≈≈≈≈≈≈≈≈≈≈≈≈≈≈≈≈≈≈≈≈≈#
≈≈S≈≈S≈≈≈≈≈≈≈≈≈≈≈≈≈≈≈#
≈≈≈≈≈≈≈≈≈≈≈≈≈≈≈≈≈≈≈≈≈#
~~~~~~~~~~######≈≈≈≈≈#
..........+ #≈≈≈≈≈#
###########.. #≈≈≈≈≈#
... #≈≈≈≈≈# ...#≈≈≈≈≈#


You could see 2 electric eels.

Vanquished Creatures
  2 hornets (D:9)
  Sigmund (D:2)
  8 yaks (D:8)
  5 orc warriors
  A water moccasin (D:7)
  3 ice beasts
  3 black bears
  2 sky beasts
  3 ogres
  A centaur (D:7)
  2 phantoms
  3 kobold brigands
  2 bullfrogs
  2 necrophages (D:6)
  A gnoll sergeant (D:8)
  2 scorpions (D:6)
  4 wights (D:8)
  4 killer bees (D:8)
  3 howler monkeys
  4 electric eels (Bailey)
  6 orc priests
  A hound (D:5)
  3 jellies
  A gnoll bouda (D:7)
  Terence (D:2)
  2 iguanas
  5 orc wizards
  Robin (D:2)
  3 adders
  17 gnolls
  3 shadow imps
  2 white imps
  2 ufetubi
  2 worms
  6 dart slugs
  29 orcs
  3 ball pythons
  8 bats
  5 endoplasms
  7 giant cockroaches
  12 goblins
  10 hobgoblins
  5 quokkas
  4 frilled lizards
  22 kobolds
  5 rats
221 creatures vanquished.

Notes
Turn   | Place    | Note
-------+----------+-------------------------------------------
     0 | D:1      | Dirtsage the Octopode Transmuter began the quest for the
                  | Orb.
     0 | D:1      | Reached XP level 1. HP: 13/13 MP: 3/3
   113 | D:1      | Reached skill level 1 in Ice Magic
   113 | D:1      | Reached XP level 2. HP: 16/18 MP: 3/5
   449 | D:1      | Reached XP level 3. HP: 23/23 MP: 6/6
   500 | D:1      | Found a faded altar of an unknown god.
   878 | D:2      | Noticed Sigmund
   954 | D:2      | Reached XP level 4. HP: 10/28 MP: 7/7
  1125 | D:2      | Noticed Terence
  1134 | D:2      | Killed Terence
  1196 | D:2      | Identified the +2 helmet of Existentialism {Rampage rC+
                  | Regen+ Int+4}
  1196 | D:2      | Noticed Robin
  1211 | D:2      | Killed Robin
  1246 | D:2      | Reached XP level 5. HP: 33/33 MP: 8/8
  1536 | D:2      | Killed Sigmund
  1537 | D:2      | Reached XP level 6. HP: 12/38 MP: 9/9
  2187 | D:3      | Learned a level 2 spell: Wereblood
  2192 | D:3      | Learned a level 4 spell: Ice Form
  2829 | D:4      | HP: 1/38 [gnoll/+0 spear (5)]
  2854 | D:4      | Reached skill level 5 in Transmutations
  3003 | D:4      | Found a staircase to the Ecumenical Temple.
  3022 | Temple   | Entered the Ecumenical Temple
  3519 | D:4      | Reached XP level 7. HP: 13/43 MP: 2/10
  3884 | D:4      | Reached skill level 5 in Ice Magic
  3985 | D:4      | Found a glowing golden altar of the Shining One.
  3988 | D:4      | Became a worshipper of the Shining One
  4234 | D:5      | Entered Level 5 of the Dungeon
  4373 | D:5      | Reached XP level 8. HP: 29/48 MP: 6/11
  4630 | D:5      | Found a runed translucent gate.
  4630 | D:5      | Found a runed translucent gate.
  4630 | D:5      | Found an opulent altar of Gozag.
  4630 | D:5      | Found a runed translucent gate.
  4630 | D:5      | Noticed a yak
  4630 | D:5      | Noticed tsouns's ghost (amateur TrMo)
  4630 | D:5      | Reached * piety under the Shining One
  5239 | D:5      | Noticed a rust devil
  5239 | D:5      | Noticed a rust devil
  5671 | D:6      | Found Atezacil's Armour Shoppe.
  5828 | D:6      | Reached XP level 9. HP: 53/53 MP: 12/12
  5987 | D:6      | Reached skill level 1 in Invocations
  6459 | D:6      | Reached ** piety under the Shining One
  6621 | D:6      | Reached skill level 5 in Unarmed Combat
  6925 | D:7      | Found a blossoming altar of Fedhas.
  7177 | D:8      | Reached XP level 10. HP: 52/63 MP: 7/13
  7449 | D:8      | Reached skill level 1 in Evocations
  8207 | D:8      | Reached skill level 5 in Invocations
  8577 | D:9      | Found a flagged portal.
  8584 | Bailey   | Entered a bailey
  8622 | Bailey   | Reached *** piety under the Shining One
  8655 | Bailey   | Reached skill level 5 in Fighting
  8865 | Bailey   | Killed from afar by an electric eel

Illustrated notes

Levels and vault maps discovered:
D:1:      dpeg_arrival_tiny_g, layout_loops_ring,
          hellmonk_ecumenical_altar_defaced_shrine
D:2:      layout_basic, uniq_sigmund, uniq_terence, uniq_robin
D:3:      layout_loops_cross, minmay_misc_feat_cross
D:4:      layout_gridville, lemuel_doored_altar, minmay_temple_entry_glass,
          serial_park_tiny_pond
D:5:      cheibrodos_iron_armory, layout_basic, ebering_ghost_gozag,
          hangedman_abyss_or_decor_slice
D:6:      layout_gridville, serial_shops, nicolae_shop_crystal
D:7:      layout_rooms, fedhas_altar_3, glass_columns_a
D:8:      layout_loops_corners, david_defended_altar_orc
D:9:      layout_roguey, enter_bailey_2, uniq_erolcha
Temple:   regret_index_temple_mists
Bailey:   bailey_axe_of_yendor_kennysheep, bailey

Skill      XL: |  1  2  3  4  5  6  7  8  9 10 |
---------------+-------------------------------+-----
Ice Magic      | 1 2 3 4 6 7 8 |  8.0
Transmutations | 3 4 5 6 8 |  8.0
Invocations    | 4 5 |  5.4
Unarmed Combat | 6 8 |  8.0
Fighting       | 3 5 |  5.1
Evocations     | 2 |  2.9
Dodging        | 3 |  3.5
Spellcasting   | |  2.0

Action                   |  1- 3 |  4- 6 |  7- 9 | 10-12 || total
-------------------------+-------+-------+-------+-------++-------
Melee: Unarmed           |    70 |   133 |   249 |   122 ||   574
       Constrict         |    20 |    34 |     2 |       ||    56
       Tentacles         |    15 |    28 |     2 |       ||    45
       Kick              |    13 |    30 |     3 |       ||    46
       Punch             |       |     6 |       |       ||     6
Throw: Throwing net      |       |     1 |       |       ||     1
 Cast: Beastly Appendage |     9 |    12 |     2 |       ||    23
       Ice Form          |       |     2 |    28 |    12 ||    42
       Wereblood         |       |       |     2 |     1 ||     3
Evoke: Wand              |       |     1 |     2 |     5 ||     8
  Use: Potion            |       |     1 |       |       ||     1
       Scroll            |       |       |     5 |     1 ||     6
 Stab: Sleeping          |     6 |     7 |       |       ||    13
       Distracted        |       |     1 |       |       ||     1
Armor: Skin              |     5 |     7 |   118 |    40 ||   170
Dodge: Dodged            |    45 |    70 |   133 |    42 ||   290

Table legend: (Time is in decaauts)
 A = Elapsed time spent in this place.
 B = Non-inter-level travel time spent in this place.
 C = Inter-level travel time spent in this place.
 D = Time resting spent in this place.
 E = Time spent auto-exploring this place.
 F = Levels seen in this place.
 G = Mean time per level.
                   A        B        C        D        E       F      G
               +--------+--------+--------+--------+--------+-----+--------+
         Total |   8819 |   8551 |    268 |    365 |   6465 |  11 |  801.7 |
       Dungeon |   8376 |   8122 |    254 |    256 |   6318 |   9 |  930.7 |
        Temple |    165 |    151 |     14 |      0 |    123 |   1 |  165.0 |
        Bailey |    277 |    277 |      0 |    109 |     24 |   1 |  277.0 |
               +--------+--------+--------+--------+--------+-----+--------+

Top non-repeatable levels by time:
     D:8: 1392 daAuts
     D:4: 1366 daAuts
     D:6: 1328 daAuts
     D:2: 1152 daAuts
     D:5: 898 daAuts
     D:3: 784 daAuts
     D:1: 749 daAuts
     D:7: 603 daAuts
  Bailey: 277 daAuts
  Temple: 165 daAuts
     D:9: 100 daAuts
